[Event "Late-Titled-Tuesday-Blitz-February-20-2024"]
[Site "Chess.com"]
[Date "2024.02.20"]
[Round "4"]
[White "yaguigor"]
[Black "Capablanca_Oujda_2021"]
[Result "0-1"]
[WhiteElo "2629"]
[BlackElo "2515"]
[TimeControl "180+1"]
[EndTime "14:38:41 PST"]
[Termination "Capablanca_Oujda_2021 won by resignation"]

1. d4 Nf6 2. c4 e6 3. Nc3 d5 4. cxd5 exd5 5. Bg5 c6 6. e3 Be7 7. Bd3 O-O 8. Qc2 h6 9. Bh4 Re8 10. Nge2 Ne4 11. Bxe7 Qxe7 12. Bxe4 dxe4 13. Ng3 Na6 14. Qxe4 Qd8 15. Qf4 g5 16. Qf3 Qxd4 17. O-O Qe5 18. Nh5 f5 19. Rfd1 Be6 20. h4 Rad8 21. Rxd8 Rxd8 22.
Rd1 Rf8 23. Rd4 Nc5 24. Qd1 Bf7 25. hxg5 hxg5 26. Ng3 Ne6 27. Rd7 f4 28. exf4 Nxf4 29. Nge4 b5 30. Qg4 Be6 31. Qd1 Bxd7 32. Qxd7 b4 33. Qxc6 bxc3 34. Nxc3 Rd8 35. g3 Ne6 36. Qc5 Nxc5 0-1

[Event "Late-Titled-Tuesday-Blitz-February-20-2024"]
[Site "Chess.com"]
[Date "2024.02.20"]
[Round "4"]
[White "Nouali_Mohamed"]
[Black "CaspiIsrael"]
[Result "1-0"]
[WhiteElo "2548"]
[BlackElo "2704"]
[TimeControl "180+1"]
[EndTime "14:38:42 PST"]
[Termination "Nouali_Mohamed won by checkmate"]

1. e4 c5 2. Nf3 e6 3. Nc3 a6 4. d4 cxd4 5. Nxd4 Qc7 6. Be3 Bb4 7. Ne2 Nf6 8. a3 Bc5 9. Nd4 O-O 10. Be2 b5 11. Bf3 Bb7 12. e5 Ne8 13. Ndxb5 axb5 14. Bxb7 Qxb7 15. Bxc5 Qxg2 16. Rf1 d6 17. exd6 Nd7 18.
Bb4 Qxh2 19. Qe2 Qf4 20. Qxb5 Nef6 21. Ne2 Qe4 22. O-O-O Rfb8 23. Qd3 Rxb4 24. axb4 Ra1+ 25. Kd2 Qxb4+ 26. Nc3 Qf4+ 27. Qe3 Qxd6+ 28. Ke2 Qa6+ 29. Qd3 Qxd3+ 30. Rxd3 Ra6 31. b4 Kf8 32. b5 Rb6 33.
Rb1 Ke7 34. Na4 Rb7 35. c4 Ne4 36. f3 Nec5 37. Nxc5 Nxc5 38. Ra3 h5 39. Ke3 g5 40. Kd4 Kd6 41. Kc3 g4 42. Rd1+ Ke5 43. Kb4 Nd7 44.
fxg4 hxg4 45. c5 Rc7 46. c6 Nb6 47. Kc5 Nd5 48. b6 Rc8 49. b7 Rd8 50. c7 Rg8 51. c8=Q Rg6 52. b8=Q+ Kf5 53. Rxd5+ Kf6 54. Qh8+ Rg7 55. Qe5+ Kg6 56. Qhh5# 1-0

[Event "Late-Titled-Tuesday-Blitz-February-20-2024"]
[Site "Chess.com"]
[Date "2024.02.20"]
[Round "4"]
[White "KaydenTroffChess"]
[Black "chucksterf10"]
[Result "1-0"]
[WhiteElo "2823"]
[BlackElo "2558"]
[TimeControl "180+1"]
[EndTime "14:38:43 PST"]
[Termination "KaydenTroffChess won by resignation"]

1. d4 Nf6 2. Nf3 d5 3. Bf4 c5 4.
e3 Nc6 5. Nc3 Nh5 6. Bg5 h6 7. Bh4 g5 8. Bg3 Nxg3 9. hxg3 Bg7 10. dxc5 Qa5 11. Be2 Bxc3+ 12. bxc3 Qxc3+ 13. Kf1 Be6 14. Rb1 Rb8 15. Rb3 Qxc5 16. Nxg5 Bf5 17. Bd3 Bxd3+ 18.
cxd3 e6 19. Kg1 a5 20. Qa1 Qf8 21. Qf6 Ne7 22. Nxf7 Rh7 23. Qe5 Kxf7 24. Rh4 Ng6 25. Qh5 Kg7 26. Ra4 b6 27. f3 Qf6 28. Rxa5 bxa5 29. Rxb8 Rh8 30. Rb7+ Ne7 31. Qg4+ Kf7 32. Qh5+ Kg7 33. e4 Rc8 34. e5 Qf7 35. Qg4+ Kf8 36. Qh4 Nf5 37. Rxf7+ Kxf7 38. Qf6+ Ke8 39. Qxe6+ Ne7 40.
Qf6 Rc1+ 41. Kh2 Re1 42. e6 a4 43. Qf7+ 1-0

[Event "Late-Titled-Tuesday-Blitz-February-20-2024"]
[Site "Chess.com"]
[Date "2024.02.20"]
[Round "4"]
[White "igorkovalenko"]
[Black "ozates"]
[Result "0-1"]
[WhiteElo "2944"]
[BlackElo "2598"]
[TimeControl "180+1"]
[EndTime "14:38:44 PST"]
[Termination "ozates won by checkmate"]

1. c4 c5 2. g3 Nc6 3. Bg2 g6 4. e3 Bg7 5. Ne2 e5 6. Nbc3 Nge7 7. d3 O-O 8. a3 a5 9. Rb1 d6 10. O-O Be6 11. Nd5 Rb8 12. b3 b5 13. Bd2 Qd7 14.
Nxe7+ Nxe7 15. cxb5 Qxb5 16. Nc1 a4 17. b4 c4 18.
dxc4 Bxc4 19. Re1 d5 20. Bc3 Rfd8 21. Bb2 Rbc8 22. Qd2 Nf5 23. Ne2 d4 24. exd4 Nxd4 25. Nxd4 exd4 26. Rbc1 Qd7 27. h4 Be6 28. Kh2 h5 29.
Red1 Bb3 30. Re1 Be6 31. f4 Bf5 32. Rc5 Rxc5 33. bxc5 Qc7 34. c6 Be6 35. Qd3 Bd5 36. Bxd5 Rxd5 37. Qc4 Rd6 38. Rc1 d3 39. Bxg7 Kxg7 40.
Qxa4 d2 41. Rd1 Qb6 42. Kg2 Qe3 43. c7 Qe2+ 44. Kh3 Qg4+ 45. Kg2 Rd3 46. c8=Q Rxg3+ 47. Kf2 Qf3# 0-1

[Event "Late-Titled-Tuesday-Blitz-February-20-2024"]
[Site "Chess.com"]
[Date "2024.02.20"]
[Round "4"]
[White "lucliasco"]
[Black "ural58"]
[Result "1-0"]
[WhiteElo "2877"]
[BlackElo "2495"]
[TimeControl "180+1"]
[EndTime "14:38:44 PST"]
[Termination "lucliasco won by resignation"]

1. e4 d5 2. exd5 Qxd5 3. Nc3 Qa5 4. d4 Nf6 5. Nf3 Nc6 6. Bb5 Ne4 7. O-O Nxc3 8. Bxc6+ bxc6 9. bxc3 Bf5 10. c4 e6 11. Nh4 Be7 12. Bd2 Qa3 13. Nxf5 exf5 14. Re1 O-O 15. Re3 Qd6 16. c5 Qd7 17. c3 Bg5 18.
Rg3 Bxd2 19. Qxd2 g6 20. h4 h5 21. Qh6 Qe7 22. Qxh5 Kg7 23. Qxf5 Qxh4 24. Qe5+ Qf6 25. Qxc7 Rae8 26. Rf1 Re7 27. Qd6 Qxd6 28. cxd6 Rd7 29. Re1 Rxd6 30. Re7 a5 31. Ra7 Rd5 32. Rf3 g5 33. g4 Kg6 34. Kg2 f6 35. Ra6 Rc8 36. Re3 Rd6 37. Rxa5 Rb8 38. Re7 Rb2 39. Raa7 f5 40. Rg7+ Kh6 41. Rh7+ Kg6 42. Rag7+ Kf6 43. Rf7+ Ke6 44. gxf5+ Kd5 45. Ra7 Kc4 46. Rh3 g4 47.
Rg3 Rd5 48. Ra4+ Kb5 49. c4+ Kxa4 50. cxd5 cxd5 51. Rxg4 Kb4 52. f6 1-0

[Event "Late-Titled-Tuesday-Blitz-February-20-2024"]
[Site "Chess.com"]
[Date "2024.02.20"]
[Round "4"]
[White "ArtemDyachuk"]
[Black "ahmedkandiliii"]
[Result "0-1"]
[WhiteElo "2645"]
[BlackElo "2525"]
[TimeControl "180+1"]
[EndTime "14:38:45 PST"]
[Termination "ahmedkandiliii won by resignation"]

1. d4 Nf6 2. c4 e6 3. Nf3 d5 4. g3 Bb4+ 5. Bd2 Bxd2+ 6. Nbxd2 O-O 7. Bg2 c6 8. O-O Nbd7 9. Qc2 Qe7 10. e4 dxe4 11. Nxe4 Nxe4 12. Qxe4 Nf6 13. Qe3 Rd8 14. Rad1 Bd7 15. Rfe1 Be8 16. Nh4 Qb4 17. b3 a5 18.
Rb1 a4 19. bxa4 Qxc4 20. Rxb7 Qxd4 21. Qxd4 Rxd4 22. h3 Rdxa4 23. Rd1 Rxa2 24. Nf3 Nd5 25. Ne5 g6 26. Re1 Rc2 27. Be4 Rca2 28. h4 h5 29. Nf3 Rc8 30. Ng5 c5 31. Bb1 Ra3 32. Ne4 Bc6 33. Rb2 Ba8 34. Nd6 Rd8 35. Nc4 Rc3 36. Ne5 Nf6 37. Ra2 Ng4 38. Nd3 Bd5 39. Ra7 Bf3 40. Nf4 Rc4 41. Ba2 Rcd4 42. Rc7 Rd1 43. Ng2 Rxe1+ 44. Nxe1 Rd1 45. Kf1 Nh2+ 46. Kg1 Rxe1+ 0-1

[Event "Late-Titled-Tuesday-Blitz-February-20-2024"]
[Site "Chess.com"]
[Date "2024.02.20"]
[Round "4"]
[White "ukchessbomber"]
[Black "ChessFanNM"]
[Result "1-0"]
[WhiteElo "2609"]
[BlackElo "2331"]
[TimeControl "180+1"]
[EndTime "14:38:45 PST"]
[Termination "ukchessbomber won on time"]

1. b4 d5 2. Bb2 Bf5 3. Nf3 e6 4. e3 Nf6 5. c4 c6 6. a3 Nbd7 7. Be2 dxc4 8. Bxc4 a5 9. b5 c5 10. Nh4 Bxb1 11. Qxb1 Nb6 12. Bd3 c4 13. Bc2 Qd5 14. O-O Qh5 15. Nf3 Bd6 16. Bxf6 gxf6 17. Be4 Rg8 18.
Bxb7 Rb8 19. Bc6+ Ke7 20. Qe4 Rg4 21. Qc2 Rbg8 22. g3 Nd5 23. Kg2 c3 24. Bxd5 Qxd5 25.
dxc3 h5 26. Rfd1 Qb7 27. Qd3 Be5 28. e4 h4 29. Nxe5 fxe5 30. Qd6+ Kf6 31. f3 Qxb5 32. Rd2 Rxg3+ 33. hxg3 Rxg3+ 34. Kf2 Qc4 35. Rg1 1-0

[Event "Late-Titled-Tuesday-Blitz-February-20-2024"]
[Site "Chess.com"]
[Date "2024.02.20"]
[Round "4"]
[White "rachidhuilda"]
[Black "JiiHart"]
[Result "1-0"]
[WhiteElo "2351"]
[BlackElo "2158"]
[TimeControl "180+1"]
[EndTime "14:38:45 PST"]
[Termination "rachidhuilda won by resignation"]

1. d4 d5 2. Nf3 Nf6 3. Bf4 Bf5 4. c4 e6 5. e3 Bd6 6. Bxd6 cxd6 7. Nc3 Qa5 8. cxd5 Nxd5 9. Qd2 Nxc3 10. Qxc3 Qxc3+ 11.
bxc3 O-O 12. c4 Nd7 13. Kd2 e5 14. Be2 exd4 15. exd4 Be4 16. Ne1 Rfe8 17. Bd3 Nf6 18. f3 Bxd3 19. Nxd3 Re7 20. Rhe1 Rae8 21. Rxe7 Rxe7 22.
Re1 Kf8 23. g4 h6 24. h4 g5 25. h5 Rxe1 26. Kxe1 Ke7 27. Kd2 Kd7 28. Ke3 Kc6 29.
Nf2 b5 30. cxb5+ Kxb5 31. Ne4 Nd5+ 32. Kd2 Kc6 33. Ng3 a5 34. Nf5 Nb4 35. a3 Nd5 36. Nxh6 Kb5 37. Nxf7 Ka4 38. h6 Nf6 39. Nxg5 Kxa3 40.
h7 Nxh7 41. Nxh7 Kb2 42. Nf6 a4 43. Ne4 a3 44. Nc3 d5 45. g5 a2 46. Nxa2 1-0

[Event "Late-Titled-Tuesday-Blitz-February-20-2024"]
[Site "Chess.com"]
[Date "2024.02.20"]
[Round "4"]
[White "Jahonas"]
[Black "olawsson"]
[Result "1-0"]
[WhiteElo "2342"]
[BlackElo "2133"]
[TimeControl "180+1"]
[EndTime "14:38:46 PST"]
[Termination "Jahonas won on time"]

1. d4 d6 2. c4 g6 3. Nf3 Bg7 4. Nc3 Nc6 5. e4 Bg4 6. d5 Nd4 7. Be3 Nxf3+ 8. gxf3 Bd7 9. h4 Nf6 10. Qb3 b6 11. Bh3 O-O 12. Ke2 Nh5 13. Bg4 f5 14.
Bxh5 gxh5 15. Rag1 Kh8 16. Qd1 e5 17. Bg5 Qe8 18. Qf1 Qf7 19. Qg2 f4 20. Kd3 h6 21.
b4 hxg5 22. hxg5 Qg6 23. Rh4 Kg8 24. Rgh1 Kf7 25. Rxh5 Rh8 26. Rxh8 Rxh8 27. Rxh8 Bxh8 28. Nb5 Bxb5 29. cxb5 Bf6 30. Qg4 Qxg5 31. Qd7+ Be7 32. Qxc7 Qg1 33. Ke2 Qb1 34. Qc4 Qb2+ 35. Kf1 Qd4 36. Qc8 Qxb4 37. Qe6+ Ke8 38. Qc8+ Kf7 39. Qf5+ Kg7 40. Qg4+ Kh6 41. Qh3+ Kg6 42. Qf5+ 1-0

[Event "Late-Titled-Tuesday-Blitz-February-20-2024"]
[Site "Chess.com"]
[Date "2024.02.20"]
[Round "4"]
[White "VinzentSpitzl"]
[Black "GMRAVEN_ON_YOUTUBE"]
[Result "0-1"]
[WhiteElo "2543"]
[BlackElo "2758"]
[TimeControl "180+1"]
[EndTime "14:38:47 PST"]
[Termination "GMRAVEN_ON_YOUTUBE won on time"]

1. e4 c5 2. Nf3 e6 3. d4 cxd4 4.
Nxd4 Nc6 5. Nc3 Qc7 6. Be3 a6 7.
Be2 Nf6 8. O-O Bb4 9. Na4 Be7 10.
Nxc6 bxc6 11. Nb6 Rb8 12. Nxc8 Qxc8 13. Bd4 c5 14. Be5 Rb6 15. Qd3 d6 16. Bc3 O-O 17. b3 d5 18. exd5 Nxd5 19. Bb2 Nf4 20. Qf3 Nxe2+ 21.
Qxe2 c4 22. Bd4 Rc6 23. c3 f6 24. Rfd1 e5 25. Be3 a5 26. Qf3 Qe6 27. Qd5 Qxd5 28.
Rxd5 cxb3 29. axb3 Rxc3 30. Rdxa5 Rxb3 31. Ra7 Rfb8 32. g3 Rb1+ 33. Rxb1 Rxb1+ 34. Kg2 Kf8 35. Ra8+ Kf7 36. Ra7 Rb5 37. Bc1 Rb3 38. Be3 Rc3 39. Bd2 Rc4 40. h4 h5 41. Be3 Rc6 42. Bd2 Ke6 43. Ra8 g6 44. Be3 f5 45.
Rg8 Kd5 46. Bg5 Bxg5 47. hxg5 Ke4 48. Rf8 f4 49. Rf6 Rc2 50. gxf4 exf4 51. Rxg6 Kf5 52. Rg8 Kg4 53. g6 f3+ 54. Kg1 Kh3 0-1

[Event "Late-Titled-Tuesday-Blitz-February-20-2024"]
[Site "Chess.com"]
[Date "2024.02.20"]
[Round "4"]
[White "AlexOstrovskiy"]
[Black "Muracle"]
[Result "1-0"]
[WhiteElo "2734"]
[BlackElo "2473"]
[TimeControl "180+1"]
[EndTime "14:38:47 PST"]
[Termination "AlexOstrovskiy won by checkmate"]

1. d4 Nf6 2. Bg5 b6 3. Bxf6 exf6 4. e3 Bb7 5. Nf3 c5 6. c3 d6 7. g3 f5 8. Bg2 Nd7 9. O-O g6 10.
Nbd2 Bg7 11. b4 O-O 12. a4 Rc8 13. a5 Qc7 14. Qa4 Bc6 15. Qb3 b5 16. bxc5 dxc5 17.
a6 Rfd8 18. Rfb1 c4 19. Qa3 Nb6 20. Qa5 Nd5 21. Qa3 Bf8 22. Qc1 Qd7 23. Ne5 Qe6 24. Nxc6 Qxc6 25. Ra5 Rb8 26. e4 fxe4 27. Nxe4 Qd7 28.
Qg5 Qf5 29. Rbxb5 Rxb5 30. Rxb5 Qxg5 31. Nxg5 Nxc3 32. Rb7 Ne2+ 33. Kf1 Nxd4 34. Nxf7 Rc8 35. Bd5 Rc5 36. Rd7 Rxd5 37. Rxd5 Nb3 38. Ne5 c3 39. Nd3 c2 40. Rd8 Kf7 41. Rc8 Bc5 42.
Rb8 c1=Q+ 43. Nxc1 Nxc1 44. Rb7+ Ke6 45. Rxh7 Nd3 46. Rc7 Bb6 47. Rc6+ Kf7 48. Rxb6 axb6 49. a7 Nc5 50. a8=Q Ke6 51. Qa2+ Kd6 52. Qb1 Kc6 53. Qxg6+ Kb7 54. Qb1 Ka6 55. h4 Ka5 56. h5 Na4 57. h6 b5 58. h7 Nc3 59. Qa1+ Kb4 60. h8=Q Kc4 61. Qaxc3+ Kd5 62. Qcd4+ Ke6 63. Qhe5+ Kf7 64.
Qdd6 Kg8 65. Qee7 b4 66. Qdd8# 1-0

[Event "Late-Titled-Tuesday-Blitz-February-20-2024"]
[Site "Chess.com"]
[Date "2024.02.20"]
[Round "4"]
[White "kleopl"]
[Black "carloseduar100"]
[Result "1/2-1/2"]
[WhiteElo "2504"]
[BlackElo "2360"]
[TimeControl "180+1"]
[EndTime "14:38:47 PST"]
[Termination "Game drawn by repetition"]

1. b4 d5 2. Bb2 Nf6 3. e3 Bf5 4. c4 e6 5. a3 Be7 6. Nf3 O-O 7. Nc3 c6 8. d3 h6 9. Be2 Nbd7 10. O-O a6 11. c5 Re8 12. Nb1 e5 13. Nxe5 Nxe5 14. Bxe5 Bxc5 15. bxc5 Rxe5 16. d4 Re7 17. Nc3 Qd7 18.
Na4 Rae8 19. Bd3 Bxd3 20. Qxd3 Qg4 21. h3 Qg5 22. Rab1 Ne4 23. Rb2 Rd8 24. Rfb1 Rdd7 25.
Nb6 Rd8 26. Na4 Rdd7 27. Nc3 Nxc3 28. Qxc3 Qh5 29. Qb4 Re6 30. Qd2 Rg6 31. Kh2 Qg5 32. g3 Qe7 33. Qa5 h5 34. h4 Rg4 35. Qb6 Qf6 36. Qa7 Re7 37. Qb8+ Kh7 38. Qd6 Re6 39. Qd7 Qf3 40. Kg1 Rxg3+ 41. fxg3 Qxg3+ 42. Rg2 Qxe3+ 43. Kh2 Qf4+ 44. Kh1 Qxh4+ 45. Kg1 Qxd4+ 46. Kh1 Qh4+ 47. Kg1 Qd4+ 48. Kh1 Qh4+ 49. Kg1 Qd4+ 1/2-1/2

[Event "Late-Titled-Tuesday-Blitz-February-20-2024"]
[Site "Chess.com"]
[Date "2024.02.20"]
[Round "4"]
[White "noblerone"]
[Black "laskakid"]
[Result "1-0"]
[WhiteElo "2511"]
[BlackElo "2352"]
[TimeControl "180+1"]
[EndTime "14:38:47 PST"]
[Termination "noblerone won on time"]

1. d4 Nf6 2. c4 g6 3. Nc3 Bg7 4. Nf3 O-O 5. Bg5 d6 6. e3 Bf5 7. Qb3 b6 8. Be2 Ne4 9. Bh4 Nxc3 10. bxc3 c5 11. O-O Nd7 12. a4 a5 13. Nd2 Nf6 14.
Ra2 Qc7 15. Rb2 Rab8 16. Bf3 h6 17. h3 Rfc8 18. Re1 Bd3 19. d5 Bf5 20. e4 Bd7 21. Nb1 Qd8 22. Na3 g5 23. Bg3 Nh7 24. e5 dxe5 25. Bxe5 Bxe5 26. Rxe5 Nf8 27. Re1 Qe8 28. Nb5 Bxb5 29. cxb5 Qd7 30. c4 Ng6 31. Bg4 f5 32.
Qc2 Rf8 33. Re6 Nf4 34. Bxf5 Rxf5 35. Qxf5 Nxe6 36. dxe6 Qd1+ 37. Kh2 Qd4 38. Qf7+ Kh8 39. Re2 Rb7 40. g3 Qxc4 41. Rd2 1-0

[Event "Late-Titled-Tuesday-Blitz-February-20-2024"]
[Site "Chess.com"]
[Date "2024.02.20"]
[Round "4"]
[White "Bigfish1995"]
[Black "Taran2004"]
[Result "1-0"]
[WhiteElo "3164"]
[BlackElo "2436"]
[TimeControl "180+1"]
[EndTime "14:38:49 PST"]
[Termination "Bigfish1995 won by resignation"]

1. e4 c5 2. Nf3 d6 3. Bb5+ Bd7 4. c4 Nf6 5. Nc3 Nc6 6. h3 g6 7. d3 Bg7 8. O-O O-O 9. Ba4 a6 10. Be3 e5 11. Nh2 Nd4 12. Bxd7 Qxd7 13. a4 Ne8 14. Nd5 Rd8 15. b4 Nc7 16. bxc5 dxc5 17. a5 Nxd5 18. exd5 f5 19. Bxd4 cxd4 20. Nf3 h6 21. Ra2 Qc7 22. Re2 e4 23. dxe4 Qxc4 24. exf5 Rxf5 25. Re7 Qxd5 26. Nh4 Rf7 27. Rxf7 Kxf7 28. Qd3 Qe6 29. Rb1 Rd7 30. g3 Re7 31. Rb6 Qe1+ 32. Kg2 Qe4+ 33. Qxe4 Rxe4 34.
Rxb7+ Re7 35. Rxe7+ Kxe7 36. Nxg6+ Kd6 37. Nf4 Kc5 38. Ne6+ Kc4 39. Nxg7 d3 40. Nf5 d2 41.
Ne3+ Kd3 42. Kf3 Kc3 43. Ke2 Kb4 44. Kxd2 Kxa5 45. g4 Kb5 46. h4 a5 47. g5 a4 48.
gxh6 a3 49. h7 a2 50. Nc2 1-0

[Event "Late-Titled-Tuesday-Blitz-February-20-2024"]
[Site "Chess.com"]
[Date "2024.02.20"]
[Round "4"]
[White "Zq1"]
[Black "MAGMAchess02"]
[Result "0-1"]
[WhiteElo "2481"]
[BlackElo "2252"]
[TimeControl "180+1"]
[EndTime "14:38:49 PST"]
[Termination "MAGMAchess02 won on time"]

1. d4 d5 2. c4 e6 3. Nc3 c6 4. e4 dxe4 5. Nxe4 Bb4+ 6. Nc3 e5 7. a3 Bxc3+ 8. bxc3 Nf6 9. Nf3 exd4 10. cxd4 O-O 11.
Be2 Re8 12. O-O Ne4 13. Bb2 Nd7 14. Bd3 Ng5 15. h3 Nxf3+ 16. Qxf3 Nf6 17. Rfe1 Be6 18. Re2 Qa5 19. Rae1 Bd7 20. Rxe8+ Rxe8 21. Rxe8+ Bxe8 22. d5 cxd5 23. Bxf6 gxf6 24. cxd5 Qe1+ 25. Kh2 Qe5+ 26. g3 Bd7 27. Bc2 b5 28. Qd3 f5 29. d6 a5 30. Qd2 f4 31. gxf4 Qc5 32. Kg3 Qxa3+ 33. f3 Qc5 34. Qd3 Qh5 35. h4 Qg6+ 36. Kf2 Qxd3 37.
Bxd3 b4 38. Ke3 Kg7 39. Kd4 Kf6 0-1

[Event "Late-Titled-Tuesday-Blitz-February-20-2024"]
[Site "Chess.com"]
[Date "2024.02.20"]
[Round "4"]
[White "Fonsofan"]
[Black "Bryanl106"]
[Result "1-0"]
[WhiteElo "2683"]
[BlackElo "2522"]
[TimeControl "180+1"]
[EndTime "14:38:50 PST"]
[Termination "Fonsofan won by resignation"]

1. e4 e5 2. Nc3 Nf6 3. Nf3 Nc6 4.
h3 d5 5. exd5 Nxd5 6. Bb5 Nxc3 7. bxc3 Bd6 8. O-O O-O 9. d4 exd4 10. cxd4 h6 11. c4 Qf6 12. Be3 Bf5 13. c5 Be7 14. d5 Ne5 15. Nxe5 Qxe5 16. Re1 Bf6 17. Rc1 Qb2 18. Bc4 Rad8 19. Re2 Qa3 20. Qb3 Qxb3 21. axb3 Rfe8 22. Rd1 b6 23. b4 Re4 24. Rc1 Rxc4 25. Rxc4 Bd3 26. Rec2 Bxc2 27. Rxc2 Rxd5 28. Ra2 a5 29. bxa5 bxa5 30. Rxa5 Be5 31. g3 Bc3 32. Ra7 Rd7 33. c6 Re7 34. Bc5 Re1+ 35. Kg2 Be5 36.
f4 Rc1 37. Be7 Rc2+ 38. Kf3 Bd4 39. Rxc7 f5 40. g4 Rc3+ 41. Kg2 Rc2+ 42. Kf3 Rc3+ 43. Ke2 Re3+ 44. Kd2 Bb6 45. Rc8+ Kh7 46. Bd6 Re6 47. Be5 fxg4 48. hxg4 g5 49. Rh8+ 1-0

[Event "Late-Titled-Tuesday-Blitz-February-20-2024"]
[Site "Chess.com"]
[Date "2024.02.20"]
[Round "4"]
[White "Beca95"]
[Black "Duhless"]
[Result "0-1"]
[WhiteElo "2905"]
[BlackElo "3089"]
[TimeControl "180+1"]
[EndTime "14:38:51 PST"]
[Termination "Duhless won by resignation"]

1. d4 Nf6 2. c4 e6 3. Nc3 d5 4. Nf3 Be7 5. Bg5 h6 6. Bxf6 Bxf6 7. e3 O-O 8. h4 c5 9. g4 g6 10. g5 hxg5 11. hxg5 Bg7 12. Qd2 Nc6 13. O-O-O Qa5 14. Kb1 cxd4 15. exd4 dxc4 16. Qf4 Qf5+ 17. Qxf5 exf5 18.
Bxc4 Rd8 19. Ne2 f4 20. Nxf4 Bf5+ 21. Bd3 Bg4 22. Be2 Re8 23. d5 Nb4 24. Nd4 Re4 25.
Rh4 Bd7 26. Ng2 Rae8 27. Bf3 Rxh4 28. Nxh4 Bxd4 29. Rxd4 Re1+ 30. Rd1 Re5 31. a3 Na6 32. d6 Nc5 33. b4 Na4 34. Rg1 Nc3+ 35. Kb2 Nb5 36.
Bxb7 Re2+ 37. Kb3 Nxd6 38. Bd5 Rd2 39. Bh1 Rd3+ 40. Kc2 Rxa3 41. Rd1 Ba4+ 42. Kb2 Nc4+ 0-1

[Event "Late-Titled-Tuesday-Blitz-February-20-2024"]
[Site "Chess.com"]
[Date "2024.02.20"]
[Round "4"]
[White "scandalgod"]
[Black "Sajkochess"]
[Result "0-1"]
[WhiteElo "2479"]
[BlackElo "2365"]
[TimeControl "180+1"]
[EndTime "14:38:51 PST"]
[Termination "Sajkochess won on time"]

1. d4 Nf6 2. c4 e6 3. g3 Bb4+ 4. Bd2 a5 5. Bg2 d6 6. e4 e5 7. Ne2 O-O 8. O-O exd4 9. Nxd4 Re8 10. Re1 Bg4 11. f3 Bd7 12. a3 Bc5 13. Be3 Nc6 14.
Nc3 a4 15. Rc1 Ne5 16. Nd5 c6 17. Nxf6+ Qxf6 18. Kh1 h5 19. Rf1 h4 20. g4 Ng6 21.
Qd2 Bb6 22. Rce1 Ba5 23. Qc1 Bxe1 24. Rxe1 d5 25. g5 Qd6 26. f4 h3 27. Bf3 dxe4 28.
Be2 c5 29. Nb5 Bxb5 30. cxb5 b6 31. Bc4 Rad8 32. f5 Ne5 33. g6 Nxc4 34. Qxc4 Qd5 35. Qf1 f6 36. Qxh3 Kf8 37. Qh8+ Qg8 38. Qxg7+ Qxg7 0-1

[Event "Late-Titled-Tuesday-Blitz-February-20-2024"]
[Site "Chess.com"]
[Date "2024.02.20"]
[Round "4"]
[White "DonJuan_34"]
[Black "Doublekk14"]
[Result "1-0"]
[WhiteElo "2469"]
[BlackElo "2308"]
[TimeControl "180+1"]
[EndTime "14:38:52 PST"]
[Termination "DonJuan_34 won on time"]

1. d4 Nf6 2. c4 e6 3. Nc3 d5 4. cxd5 exd5 5. Bg5 Bb4 6. e3 O-O 7. Bd3 h6 8. Bh4 Be6 9. Ne2 c5 10. O-O c4 11. Bc2 Bd6 12. Bg3 Bxg3 13. Nxg3 Bg4 14. f3 Be6 15. Qd2 Nc6 16. a3 a6 17. Rad1 b5 18. e4 b4 19. axb4 Nxb4 20. e5 Nh7 21.
f4 Nxc2 22. Qxc2 f5 23. exf6 Nxf6 24. f5 Bf7 25. Rfe1 Qb6 26. h3 Rab8 27. Re2 Rfe8 28. Na4 Qd6 29. Nf1 Ne4 30. Nc3 Nxc3 31. bxc3 Rxe2 32.
Qxe2 Rb3 33. Qe3 Qa3 34. Rc1 Qb2 35. Qd2 a5 36. Qxb2 Rxb2 37. Ne3 Rb3 38. Nd1 a4 39. Ra1 a3 40. Kf2 Be8 41. Ke1 Bd7 42. g4 Bxf5 43. gxf5 Kf7 44. Kd2 Kf6 45. Ne3 Rb2+ 46. Kc1 Rh2 47.
Nxd5+ Kxf5 48. Rxa3 Ke4 49. Nb6 Kd3 50. Ra4 Rh1+ 51.
Kb2 Rh2+ 52. Ka3 Kxc3 53. Rxc4+ Kd3 54. d5 Rxh3 55. Kb4 Ke3 56. Rc3+ 1-0

[Event "Late-Titled-Tuesday-Blitz-February-20-2024"]
[Site "Chess.com"]
[Date "2024.02.20"]
[Round "4"]
[White "cthulhuuu"]
[Black "LUISMIGUELOV"]
[Result "1-0"]
[WhiteElo "2421"]
[BlackElo "2175"]
[TimeControl "180+1"]
[EndTime "14:38:52 PST"]
[Termination "cthulhuuu won on time"]

1. e4 c6 2. d3 d5 3. Nd2 dxe4 4. dxe4 e5 5. Ngf3 Bg4 6. Bc4 Nd7 7. c3 Ngf6 8. Qb3 Bh5 9. Qxb7 Bc5 10. Qxc6 Rc8 11.
Qa4 O-O 12. O-O Bxf3 13. Nxf3 Nb6 14. Bxf7+ Rxf7 15. Qb3 Kf8 16. Ng5 Re7 17. Ne6+ Rxe6 18. Qxe6 Qe7 19. Qf5 g6 20. Qf3 Kg7 21. Bg5 h6 22.
Be3 Rf8 23. Qh3 h5 24. Bg5 Qd7 25. Bxf6+ Rxf6 26. Qxd7+ Nxd7 27. Rad1 Nb6 28. b4 Bf8 29. f3 Rf7 30. Rd3 Nc4 31. Kf2 a5 32. b5 a4 33. Ke2 Bc5 34. Rd5 Bb6 35. Rb1 a3 36.
Rb4 Nb2 37. c4 Rc7 38. Rxe5 Nxc4 39. Re6 1-0

[Event "Late-Titled-Tuesday-Blitz-February-20-2024"]
[Site "Chess.com"]
[Date "2024.02.20"]
[Round "4"]
[White "MagnusCarlsen"]
[Black "TenisMaster"]
[Result "0-1"]
[WhiteElo "3340"]
[BlackElo "2958"]
[TimeControl "180+1"]
[EndTime "14:38:55 PST"]
[Termination "TenisMaster won on time"]

1. a3 d5 2. h4 Bf5 3. e3 e6 4.
g4 Be4 5. f3 Be7 6. fxe4 Bxh4+ 7.
Ke2 dxe4 8. Nc3 f5 9. d3 Qg5 10. dxe4 fxg4 11. e5 Nc6 12. Bg2 Nge7 13. Ne4 Qh5 14.
Nf3 gxf3+ 15. Bxf3 Qh6 16. Nf6+ gxf6 17. e4 Qg7 18.
Rxh4 Nxe5 19. Bh5+ N7g6 20. Rh3 Rd8 21. Qg1 Rg8 22.
Qxa7 Qd7 23. Be3 Qc6 24. Qc5 Qxe4 25. Rg1 Kd7 26. Kf2 Kc8 27. Rhg3 Nf4 28. Rxg8 Nfd3+ 29. cxd3 Nxd3+ 30. Ke2 Nxc5 31. Bf3 Qc2+ 32. Kf1 Nd3 33.
Rxd8+ Kxd8 34. Rg8+ Kd7 35. Rg7+ Kd6 36. Rg2 Qb1+ 37.
Ke2 Ne5 0-1

[Event "Late-Titled-Tuesday-Blitz-February-20-2024"]
[Site "Chess.com"]
[Date "2024.02.20"]
[Round "4"]
[White "NikoTheodorou"]
[Black "pavet"]
[Result "1-0"]
[WhiteElo "3060"]
[BlackElo "2745"]
[TimeControl "180+1"]
[EndTime "14:38:55 PST"]
[Termination "NikoTheodorou won by resignation"]

1. e4 e5 2. d4 exd4 3. c3 d5 4. exd5 Qxd5 5. cxd4 Nf6 6. Nf3 Bb4+ 7. Nc3 O-O 8. Be2 c5 9. O-O Bxc3 10. bxc3 cxd4 11.
Nxd4 Nc6 12. Bf3 Qc5 13. Be3 Nd5 14. Nb3 Nxe3 15. Nxc5 Nxd1 16. Rfxd1 Ne5 17. Bd5 Rb8 18. Rab1 b6 19. Re1 Bf5 20. Rbd1 Ng6 21. Nb3 Nf4 22. c4 Bc2 23. Rd4 Rfe8 24. Bxf7+ Kxf7 25. Rxf4+ Kg8 26. Re3 Rbd8 27. Rd4 Bxb3 28. axb3 Rxd4 29. Rxe8+ Kf7 30. Re1 Rd2 31. g3 Rb2 32. Re3 a5 33. Kg2 g6 34. g4 Rc2 35. Kg3 a4 36. bxa4 Rxc4 37. Rb3 Rxa4 38. Rxb6 g5 39. f3 Kg7 40. Rb5 h6 41. h4 Kg6 42. Rb6+ Kg7 43. Rc6 Rb4 44. Ra6 Rc4 45. Ra5 Kg6 46. Rf5 Rc6 47. Rd5 Rc4 48.
Rd8 Ra4 49. Rg8+ Kh7 50. Rd8 Kg6 51. Rb8 Rc4 52. Rb7 Rc6 53. h5+ Kf6 54. Rh7 Ke5 55. Rg7 Rc1 56. Rg6 Rg1+ 57. Kf2 Ra1 58. Rxh6 Ra2+ 59.
Kg3 Ra1 60. Rg6 Rg1+ 61. Kf2 Ra1 62. Rxg5+ 1-0

[Event "Late-Titled-Tuesday-Blitz-February-20-2024"]
[Site "Chess.com"]
[Date "2024.02.20"]
[Round "4"]
[White "picturesquecheck"]
[Black "ansko1999"]
[Result "1-0"]
[WhiteElo "2472"]
[BlackElo "2658"]
[TimeControl "180+1"]
[EndTime "14:38:56 PST"]
[Termination "picturesquecheck won by checkmate"]

1. e4 d6 2. d4 g6 3. Nc3 Bg7 4. Be3 a6 5. g4 b5 6. Bg2 Bb7 7. h4 Nd7 8. h5 c5 9. Nge2 Qa5 10.
Qd2 Rc8 11. h6 Bf8 12. f4 f5 13. gxf5 gxf5 14. Ng3 fxe4 15. Ngxe4 Ba8 16. dxc5 Nxc5 17.
Nxc5 Bxg2 18. Nb3 Qxc3 19. bxc3 Bxh1 20. O-O-O Be4 21. Bd4 Nf6 22. Re1 d5 23. Bxf6 exf6 24. Qxd5 Rc4 25. Rxe4+ Rxe4 26. Qxe4+ Kf7 27. Qb7+ Kg6 28.
f5+ Kxf5 29. Nd4+ Kg6 30. Qxa6 Bxh6+ 31. Kb2 Bf4 32. Qc6 Be5 33. Qe4+ Kf7 34. Qd5+ Kg6 35.
Nf3 Re8 36. Qc6 Re7 37. Nxe5+ Rxe5 38. c4 bxc4 39. a4 h5 40. Kc3 h4 41. Qxc4 Rh5 42.
Qg4+ Kh6 43. Qh3 f5 44. a5 f4 45. a6 Kg5 46. a7 Rh8 47. Qg2+ Kf5 48. a8=Q Rxa8 49.
Qxa8 Kg4 50. Qg2+ Kf5 51. Kd4 h3 52. Qxh3+ Kg5 53. c4 f3 54. c5 f2 55. Qf1 Kg4 56.
c6 Kf3 57. c7 Kg3 58. c8=Q Kh4 59. Qxf2+ Kg5 60. Qg8+ Kh5 61. Qh2# 1-0